 Dungeon Crawl Stone Soup version 0.27.1-1-g398f81649c (webtiles) character file.

Game seed: 15475060124212070787

0 Descartes the Grave Robber (level 1, 0/10 HPs)
             Began as a Deep Elf Wanderer on Sept 5, 2021.
             Slain by an endoplasm (1 damage)
             ... on level 1 of the Dungeon.
             The game lasted 00:00:43 (58 turns).

Descartes the Grave Robber (Deep Elf Wanderer)        Turns: 58, Time: 00:00:43

Health: 0/10       AC:  2    Str:  8    XL:     1   Next: 8%
Magic:  6/6        EV: 11    Int: 16    God:
Gold:   0          SH:  0    Dex: 15    Spells: 5/6 levels left

rFire    . . .     SeeInvis .   a - +0 dagger
rCold    . . .     Faith    .   (no shield)
rNeg     . . .     Spirit   .   b - +0 robe
rPois    .         Reflect  .   (no helmet)
rElec    .         Harm     .   (no cloak)
rCorr    .         Rampage  .   (no gloves)
Will     .....                  (no boots)
Stlth    ++........             (no amulet)
HPRegen  0.03/turn              (no ring)
MPRegen  0.10/turn              (no ring)

@: no status effects
A: no striking features
a: no special abilities


You were on level 1 of the Dungeon.
You visited 1 branch of the dungeon, and saw 1 of its levels.

Inventory:

Hand Weapons
 a - a +0 dagger (weapon)
Armour
 b - a +0 robe (worn)
Potions
 c - a potion of invisibility {unknown}


   Skills:
 + Level 2.4 Stealth
 + Level 3.0 Spellcasting
 + Level 3.6 Necromancy
 + Level 1.0 Air Magic
 + Level 2.1 Earth Magic


You had 5 spell levels left.
You knew the following spells:

 Your Spells              Type           Power      Damage    Failure   Level
a - Sandblast             Erth           18%        2d7       8%          1

Your spell library contained the following spells:

 Spells                   Type           Power      Damage    Failure   Level
 Sublimation of Blood     Necr           7%         N/A       6%          2
 Corpse Rot               Necr/Air       N/A        N/A       11%         2
 Apportation              Tloc           4%         N/A       19%         1
 Passwall                 Tmut/Erth      4%         N/A       19%         2
 Stone Arrow              Conj/Erth      10%        3d7       34%         3
 Lesser Beckoning         Tloc           1%         N/A       50%         3
 Petrify                  Tmut/Erth      5%         N/A       75%         4


Dungeon Overview and Level Annotations

Branches:
Dungeon (1/15)

Altars:


Message History

The kobold hits you with a +1 short sword of electrocution.
You completely miss the kobold.
The kobold hits you with a +1 short sword of electrocution.
An endoplasm comes into view.
You hit the kobold.
You kill the kobold!
The quokka bites you.
Things that are here:
a +1 short sword of electrocution; a kobold corpse You are too injured to fight recklessly!
You are too injured to fight recklessly!
You are too injured to fight recklessly!
You are too injured to fight recklessly!
You are too injured to fight recklessly!
You are too injured to fight recklessly!
You are too injured to fight recklessly!
You are too injured to fight recklessly!
You are too injured to fight recklessly!
You are too injured to fight recklessly!
You are too injured to fight recklessly!
You are too injured to fight recklessly!
You are too injured to fight recklessly!
You are too injured to fight recklessly!
You hit the quokka.
The quokka is moderately wounded.
The quokka bites you but does no damage.
Unknown command.
You hit the quokka but do no damage.
The quokka is moderately wounded.
The quokka barely misses you.
You hit the quokka but do no damage.
The quokka is moderately wounded.
The quokka bites you.
* * * LOW HITPOINT WARNING * * *
The endoplasm hits you but does no damage.
The quokka closely misses you.
You hit the quokka but do no damage.
The quokka is moderately wounded.
The endoplasm hits you.
You die...

... .# ... ..# ...
...# #.# ....###.##
#......# ... ..
#...Jr.# ...#.
#...@.# .....
#...$.# ....
#.....# #..#
#.....#
##..#########.....#
##..##.....##.....#
##...'..<..##.....#
##..##.....##.....#
'...#########....##


You could see an endoplasm and a quokka.

Vanquished Creatures
  A kobold (D:1)
1 creature vanquished.

Notes
Turn   | Place    | Note
-------+----------+-------------------------------------------
     0 | D:1      | Descartes the Deep Elf Wanderer began the quest for the
                  | Orb.
     0 | D:1      | Descartes set off with the following items: a +0 dagger, a
                  | +0 robe; and the following spells available to memorise:
                  | Sublimation of Blood, Sandblast, Corpse Rot, Apportation,
                  | Passwall, Stone Arrow, Lesser Beckoning, Petrify
     0 | D:1      | Reached XP level 1. HP: 10/10 MP: 6/6
     2 | D:1      | Learned a level 1 spell: Sandblast
    58 | D:1      | Slain by an endoplasm

Illustrated notes

Levels and vault maps discovered:
D:1:      dpeg_arrival_rooms_a, layout_rooms,
          hellmonk_ecumenical_altar_slurped_away, serial_bayou_pond_c

Action                   || total
-------------------------++-------
Melee: Dagger            ||     8
Armor: Robe              ||     2
Dodge: Dodged            ||     2
